 Dungeon Crawl Stone Soup version 0.20-a0-303-g575bbf7 (webtiles) character file.

662 snakesoul the Jinx (level 7, -2/46 HPs)
             Began as a Vampire Enchanter on Dec 17, 2016.
             Was an Initiate of Dithmenos.
             Slain by an orc
             ... wielding a +0 flail
              (4 damage)
             ... on level 5 of the Dungeon.
             The game lasted 00:15:03 (7958 turns).

snakesoul the Jinx (Vampire Enchanter)              Turns: 7958, Time: 00:15:03

Health: -2/46      AC:  7    Str:  4 (7)  XL:     7   Next: 30%
Magic:  2/12       EV: 12    Int: 16 (17) God:    Dithmenos [......]
Gold:   280        SH:  0    Dex: 14 (17) Spells: 7/13 levels left

rFire  . . .     SeeInvis +     a - +1 dagger
rCold  + + .     Gourm    .     b - +1 robe
rNeg   + + +     Faith    .     (no shield)
rPois  ∞         Spirit   .     B - +0 helmet
rElec  .         Reflect  .     m - +1 cloak
rCorr  .         Harm     .     (no gloves)
MR     .....                    g - +0 pair of boots
Stlth  +++++.....               (no amulet)
                                (no ring)
                                (no ring)

@: flying, bloodless, non-regenerating
A: fangs 3, see invisible, unbreathing
a: Bat Form, Renounce Religion


You were on level 5 of the Dungeon.
You worshipped Dithmenos.
Dithmenos was noncommittal.
You were bloodless.

You visited 2 branches of the dungeon, and saw 6 of its levels.

You collected 280 gold pieces.

Inventory:

Hand Weapons
 a - a +1 dagger (weapon)
Armour
 b - a +1 robe (worn)
 g - a +0 pair of boots (worn)
 m - a +1 cloak (worn)
 A - a +0 helmet
 B - a +0 helmet (worn)
Scrolls
 e - 4 scrolls of teleportation {unknown}
 f - 2 scrolls of amnesia {unknown}
 j - 2 scrolls of fog {unknown}
 o - a scroll of enchant armour {unknown}
 p - 4 scrolls of identify {unknown}
 q - 2 scrolls of remove curse {unknown}
 v - 2 scrolls of enchant weapon {unknown}
 x - 2 scrolls of immolation {unknown}
 y - a scroll of recharging {unknown}
 z - a scroll of noise {unknown}
Potions
 d - 15 potions of blood
 h - a potion of invisibility {unknown}
 i - a potion of haste {unknown}
 k - a potion of cure mutation {unknown}
 l - a potion of heal wounds {unknown}
 n - a potion of lignification
 r - a potion of might {unknown}
 s - a potion of brilliance {unknown}
 t - a potion of flight
 u - a potion of degeneration
 w - 2 potions of curing {unknown}
Books
 c - a book of Maledictions

   Spells                             Type                      Level
   a - Corona                         Hexes                        1
   b - Ensorcelled Hibernation        Hexes/Ice                    2
   c - Confuse                        Hexes                        3
   d - Tukima's Dance                 Hexes                        3
   e - Dazzling Spray                 Conjuration/Hexes            3
 C - a book of Necromancy

   Spells                             Type                      Level
   a - Pain                           Necromancy                   1
   b - Animate Skeleton               Necromancy                   1
   c - Vampiric Draining              Necromancy                   3
   d - Regeneration                   Charms/Necromancy            3
   e - Animate Dead                   Necromancy                   4
   f - Control Undead                 Necromancy                   4


   Skills:
 + Level 3.9 Short Blades
 - Level 2.1 Dodging
 + Level 6.7 Stealth
 + Level 3.5 Spellcasting
 * Level 9.0 Hexes


You had 7 spell levels left.
You knew the following spells:

 Your Spells              Type           Power        Failure   Level  Hunger
a - Corona                Hex            ####...      1%          1    None
b - Ensorcelled Hibernat  Hex/Ice        ###...       6%          2    ##.....
c - Confuse               Hex            ####....     1%          3    ###....


Dungeon Overview and Level Annotations

Branches:
Dungeon (5/15)             Temple (1/1) D:4

Altars:
Ashenzari
Cheibriados
Dithmenos
Elyvilon
Gozag
Hepliaklqana
Makhleb
Nemelex Xobeh
Ru
Sif Muna
Uskayaw
Vehumet
Yredelemnul
Zin
The Shining One


Innate Abilities, Weirdness & Mutations

You do not heal naturally.
You are immune to poison.
You have razor-sharp teeth.
You have supernaturally acute eyesight. (SInv)
You can survive without breathing.


Message History

* * * LOW HITPOINT WARNING * * *
Unknown command.
Unknown command.
The orc wizard gestures at you while chanting.
The magic dart hits you!
* * * LOW HITPOINT WARNING * * *
The orc wizard hits you but does no damage.
The hound skeleton bites you.
* * * LOW HITPOINT WARNING * * *
It was a potion of lignification.
You feel woody for a moment. The orc wizard barely misses you.
It was a potion of flight.
You feel very buoyant.
You fly up into the air.
The orc wizard closely misses you.
It was a potion of degeneration.
There was something very wrong with that liquid.
You feel weakened.
You feel dopey.
You feel clumsy.
The orc wizard mumbles some strange words.
The orc wizard blinks!
The orc hits you with a flail.
You die...

#......#####..o..........
#......# ##.............
######## #..............
##..............
##.).............
###Z.#.............
#Z.o##.............
#o#####............
#o@.....###......#.
######### ########. #. #.
##


You could see an orc wizard, an orc and a hound skeleton.

Vanquished Creatures
  An ogre (D:3)
  A scorpion (D:4)
  A hound (D:4)
  Ijyb (D:2)
  4 orc wizards
  2 worker ants
  6 adders
  6 gnolls (D:4)
  4 oozes
  An adder skeleton (D:4)
  10 worms
  4 dart slugs
  6 leopard geckos
  19 orcs
  5 giant cockroaches
  9 goblins
  8 hobgoblins
  9 jackals
  5 kobolds
  7 quokkas
  2 ball pythons
  9 bats
  10 frilled lizards
  A jackal zombie (D:5)
  9 rats
140 creatures vanquished.

Vanquished Creatures (others)
  A rat (D:2)
1 creature vanquished.

Grand Total: 141 creatures vanquished

Notes
Turn   | Place    | Note
-------+----------+-------------------------------------------
     0 | D:1      | snakesoul the Vampire Enchanter began the quest for the Orb.
     0 | D:1      | Reached XP level 1. HP: 13/13 MP: 3/3
   110 | D:1      | Reached XP level 2. HP: 9/19 MP: 5/5
   401 | D:1      | Learned a level 2 spell: Ensorcelled Hibernation
   516 | D:1      | Reached skill level 5 in Hexes
   623 | D:1      | Reached skill level 5 in Stealth
   623 | D:1      | Reached XP level 3. HP: 22/24 MP: 6/6
   984 | D:2      | Learned a level 3 spell: Confuse
  1723 | D:2      | Reached XP level 4. HP: 25/30 MP: 7/7
  1852 | D:2      | Noticed Ijyb
  1986 | D:2      | Killed Ijyb
  1986 | D:2      | Reached skill level 6 in Hexes
  3612 | D:3      | Reached XP level 5. HP: 35/35 MP: 5/8
  4268 | D:3      | Reached skill level 7 in Hexes
  6042 | D:3      | Noticed an ogre
  6049 | D:3      | Killed an ogre
  6049 | D:3      | Reached XP level 6. HP: 41/41 MP: 1/10
  6465 | D:4      | Reached skill level 8 in Hexes
  6894 | D:4      | Reached XP level 7. HP: 46/46 MP: 0/11
  7140 | D:4      | Found a white marble altar of Elyvilon.
  7174 | D:4      | Found a staircase to the Ecumenical Temple.
  7239 | Temple   | Entered the Ecumenical Temple
  7354 | Temple   | Became a worshipper of Dithmenos the Shadowed
  7472 | D:5      | Entered Level 5 of the Dungeon
  7928 | D:5      | Reached skill level 9 in Hexes
  7953 | D:5      | HP: 2/46 [hound skeleton (1)]
  7958 | D:5      | Slain by an orc

Vault maps used:
D:1:      minmay_arrival_stone_box
D:2:      lemuel_another_geyser, uniq_iyjb
D:4:      wad_woods_tower, kennysheep_mini, first_bread
Temple:   hc_temple_tempest_star

Skill      XL: |  1  2  3  4  5  6  7 |
---------------+----------------------+-----
Hexes          | 5 6 7 8 9 |  9.0
Stealth        | 5 6 |  6.7
Short Blades   | 2 3 |  3.9
Spellcasting   | 3 |  3.5
Dodging        | |  2.1

Action                   |  1- 3 |  4- 6 |  7- 9 || total
-------------------------+-------+-------+-------++-------
Melee: Dagger            |   127 |   204 |    82 ||   413
       Bite              |    14 |    17 |     7 ||    38
 Cast: Ensorcelled Hiber |     2 |    52 |    17 ||    71
       Confuse           |       |       |     1 ||     1
 Abil: End Transformatio |       |     1 |       ||     1
       Bat Form          |       |     1 |       ||     1
  Use: Potion            |       |     2 |     3 ||     5
 Stab: Sleeping          |     9 |    48 |    17 ||    74
       Distracted        |       |       |     1 ||     1
       Confused          |       |       |     1 ||     1
Armor: Robe              |    20 |    50 |    25 ||    95
Dodge: Dodged            |    77 |    99 |    46 ||   222
